 Dungeon Crawl Stone Soup version 0.31-a0-75-g6fe912e8c5 (webtiles) character file.

Game seed: 5466870882377243896

93 lunkers the Covered (level 5, -3/61 HPs)
             Began as a Meteoran Wanderer on May 24, 2023.
             Was an Initiate of Gozag.
             Engulfed by a cloud of flame (8 damage)
             ... on level 3 of the Dungeon.
             The game lasted 00:02:35 (895 turns).

lunkers the Covered (Meteoran Wanderer)              Turns: 895, Time: 00:02:36

Health: -3/61      AC: 22    Str: 18    XL:     5   Next: 15%
Magic:  6/6        EV:  2    Int: 10    God:    Gozag
Gold:   97         SH:  0    Dex: 14    Spells: 4/4 levels left

rFire   . . .        a - +0 short sword
rCold   . . .        (no shield)
rNeg    . . .        b - melded +0 chain mail
rPois   +            p - melded +0 helmet
rElec   .            g - melded +0 cloak
rCorr   .            (gloves currently unavailable)
SInv    .            (boots currently unavailable)
Will    .....        (no amulet)
Stlth   +            n - ring of poison resistance
HPRegen 0.30/turn    (no ring)
MPRegen 0.10/turn

%: no passive effects
@: tree-form, gold aura, glowing
A: stationary, stasis, torment immunity, boosted hp, sense surroundings 1,
otherworldly, glowing, explore regen
a: Renounce Religion, Potion Petition, Call Merchant, Bribe Branch


You were on level 3 of the Dungeon.
You worshipped Gozag.
Gozag was noncommittal.
You were a tree.
You visited 1 branch of the dungeon, and saw 3 of its levels.

You collected 97 gold pieces.

Inventory:

Hand Weapons
 a - a +0 short sword (weapon)
 d - a +0 dagger
Missiles
 c - 7 boomerangs
Armour
 b - a +0 chain mail (melded)
 g - a +0 cloak (melded)
 p - a +0 helmet (melded)
Jewellery
 n - a ring of poison resistance (left branch)
Scrolls
 e - 2 scrolls of fear
 h - a scroll of noise
Potions
 f - a potion of might {unknown}
 i - a potion of lignification
 j - a potion of resistance {unknown}
 k - 2 potions of curing {unknown}


   Skills:
 - Level 2.1 Fighting
 + Level 4.7 Short Blades
 - Level 1.2 Throwing
 - Level 6.0 Armour
 - Level 1.2 Evocations


You had 4 spell levels left.
You didn't know any spells.
Your spell library was empty.

Dungeon Overview and Level Annotations

Branches:
Dungeon (3/15) Zot: 926

Altars:
Gozag


Innate Abilities, Weirdness & Mutations

You are a tree.
Your roots penetrate the ground, keeping you stationary.
You cannot be teleported.
You are immune to unholy pain and torment.
Your maximum health is greatly increased.
Your equipment is partially melded.
You passively map a small area around you.
You are easily found by Zot.
You glow in the dark.
You regain HP and MP as you explore.


Message History

Your +0 chain mail melds into your body.
Your roots penetrate the ground.
You hit Terence.
Flame seeps out of Terence.
Terence is lightly wounded.
You hit Terence but do no damage.
Terence is lightly wounded.
Terence completely misses you.
You hit Terence but do no damage.
Terence is lightly wounded.
Terence is engulfed in blazing flames.
Flame seeps out of Terence.
Terence barely misses you.
You hit Terence but do no damage.
Terence is moderately wounded.
Terence hits you but does no damage.
You hit Terence but do no damage.
Flame seeps out of Terence.
You punch Terence.
Terence is heavily wounded.
You barely miss Terence.
Terence is heavily wounded.
Terence is engulfed in blazing flames.
Flame seeps out of Terence.
Terence hits you but does no damage.
You hit Terence.
Flame seeps out of Terence.
Terence is almost dead.
Terence is engulfed in blazing flames.
Terence explodes!
The fiery explosion engulfs you.
You hear a shout! x2
You have reached level 5!
You are engulfed in blazing flames.
You are engulfed in blazing flames.
* * * LOW HITPOINT WARNING * * *
You are engulfed in blazing flames.
Ouch! That really hurt!
* * * LOW HITPOINT WARNING * * *
You are engulfed in blazing flames.
Unknown command.
You cannot move.
You are engulfed in blazing flames.
You die...
Your body crumbles into a pile of gold.

*******#** #.####.#####*,* *
**,,,,,,..** #.##..<....#*,* *
**,,,****,..**##.##.#.###.#*,*
*
*,,,,,**,*,#.##$..#.#.#**,**,*
*
,,,,,,,,*#.##...$...#..,,,,,,*
*
,,,,,,,,*#.....$....####*,****
* ,,,,,,,,**###.##§#### *,*
*,,,,,**,***,**#)# *,*
**,,,****,,,** #♣# *,*******
**,** ***** *#+#* *,,,,,,,* *,*
**,,,** *,*****,* *,****
**,,,,,** *,*****,* *,**,**
**,,,,,,,** *,,,,,*,*
*,*,,,****,,,,,,,,,****,,>*,*,*
*,,,,,,,,+,,,,,,,,,+,,,,,,,,,,,
*,*,,,****,,,,,,,,,****,,,*,***
*,**,** **,,,,,,,** **,,*,* *


There were no monsters in sight!

Vanquished Creatures
  A sleepcap (D:2)
  Terence (D:3)
  2 adders (D:2)
  A bat (D:2)
  2 endoplasms
  3 giant cockroaches (D:2)
  5 goblins
  A hobgoblin (D:2)
  A quokka (D:1)
  5 ball pythons
22 creatures vanquished.

Notes
Turn   | Place    | Note
-------+----------+-------------------------------------------
     0 | D:1      | lunkers the Meteoran Wanderer began the quest for the Orb.
     0 | D:1      | lunkers set off with the following items: a +0 short sword,
                  | a +0 chain mail, 7 boomerangs, a +0 dagger, a scroll of
                  | fear.
     0 | D:1      | Reached XP level 1. HP: 17/17 MP: 2/2
   427 | D:1      | Reached XP level 2. HP: 23/24 MP: 3/3
   519 | D:2      | Reached XP level 3. HP: 29/29 MP: 4/4
   642 | D:2      | Found a faded altar of an unknown god.
   655 | D:2      | Prayed at the altar of an unknown god.
   655 | D:2      | Became a worshipper of Gozag Ym Sagoz the Greedy
   774 | D:2      | Reached XP level 4. HP: 30/36 MP: 5/5
   875 | D:3      | Noticed Terence
   890 | D:3      | Killed Terence
   891 | D:3      | Reached XP level 5. HP: 41/41 MP: 6/6
   895 | D:3      | Engulfed by a cloud of flame

Illustrated notes

Levels and vault maps discovered:
D:1:      dpeg_arrival_refuge, layout_basic
D:2:      layout_loops_ring, dreamdust_ecumenical_altar_angels_and_demons
D:3:      layout_loops_corners, uniq_natasha, uniq_robin, uniq_terence

Skill      XL: |  1  2  3  4 |
---------------+-------------+-----
Short Blades   | 2 3 4 |  4.7
Fighting       | |  2.1
Throwing       | |  1.2
Armour         | |  6.0
Evocations     | |  1.2

Action                     |  1- 3 |  4- 6 || total
---------------------------+-------+-------++-------
  Melee: Short sword       |   115 |    27 ||   142
         Punch             |     2 |     1 ||     3
    Use: Scroll            |       |     4 ||     4
         Potion            |       |     1 ||     1
 Armour: Chain mail        |    85 |     7 ||    92
         Skin              |       |     3 ||     3
  Dodge: Dodged            |    32 |     5 ||    37

Table legend: (Time is in decaauts)
 A = Elapsed time spent in this place.
 B = Non-inter-level travel time spent in this place.
 C = Inter-level travel time spent in this place.
 D = Time resting spent in this place.
 E = Time spent auto-exploring this place.
 F = Levels seen in this place.
 G = Mean time per level.
                   A        B        C        D        E       F      G
               +--------+--------+--------+--------+--------+-----+--------+
         Total |    873 |    839 |     34 |      0 |    563 |   3 |  291.0 |
       Dungeon |    873 |    839 |     34 |      0 |    563 |   3 |  291.0 |
               +--------+--------+--------+--------+--------+-----+--------+

Top non-repeatable levels by time:
     D:1: 460 daAuts
     D:2: 389 daAuts
     D:3: 24 daAuts
